 Dungeon Crawl Stone Soup version 0.22-a0-565-gfc6459a524 (webtiles) character file.

41 PikkenKukken the Skirmisher (level 3, -1/36 HPs)
             Began as a Troll Fighter on June 28, 2018.
             Succumbed to a gnoll's poison
             ... on level 1 of the Dungeon.
             The game lasted 00:02:41 (740 turns).

PikkenKukken the Skirmisher (Troll Fighter)          Turns: 740, Time: 00:02:41

Health: -1/36      AC:  5    Str: 29    XL:     3   Next: 32%
Magic:  1/2        EV:  8    Int:  4    God:
Gold:   49         SH:  9    Dex: 10    Spells: 2/2 levels left

rFire    . . .     SeeInvis .     - Unarmed
rCold    . . .     Gourm    +   b - +0 shield
rNeg     . . .     Faith    .   a - +0 robe
rPois    .         Spirit   +   (helmet restricted)
rElec    .         Reflect  .   (no cloak)
rCorr    .         Harm     .   (gloves unavailable)
MR       .....                  (boots unavailable)
Stlth    +.........             h - amulet of guardian spirit
HPRegen  0.52/turn              (no ring)
MPRegen  0.08/turn              (no ring)

@: mighty, lethally poisoned (-1 -> -22)
A: large, unfitting armour, claws 3, fast metabolism 3, gourmand, regeneration
1, shaggy fur 1, tough skin 2
a: no special abilities


You were on level 1 of the Dungeon.
You were very full.

You visited 1 branch of the dungeon, and saw 2 of its levels.

You collected 49 gold pieces.

Inventory:

Armour
 a - a +0 robe (worn)
 b - a +0 shield (worn)
Jewellery
 h - an amulet of guardian spirit (around neck)
Scrolls
 k - a scroll of amnesia
Potions
 e - a potion of flight
 g - a potion of heal wounds {unknown}
 i - a potion of curing {unknown}
 j - a potion of haste {unknown}
Comestibles
 d - 3 rations


   Skills:
 + Level 2.8 Fighting
 + Level 2.7 Dodging
 + Level 2.7 Shields
 + Level 2.5 Unarmed Combat


You had 2 spell levels left.
You didn't know any spells.
Your spell library was empty.

Dungeon Overview and Level Annotations

Branches:
Dungeon (2/15)

Altars:


Innate Abilities, Weirdness & Mutations

You are too large for most types of armour.
You have claws for hands.
Your metabolism is lightning-fast.
You like to eat raw meat.
Your natural rate of healing is unusually fast.
You are covered in fur. (AC +1)
You have very tough skin. (AC +2)


Message History

You are poisoned.
You closely miss the kobold.
The kobold is severely wounded.
You feel sick. The kobold hits you but does no damage.
The gnoll hits you from afar with a spear of venom!
You are more poisoned.
You scratch the kobold.
You kill the kobold!
You feel sick.
The gnoll hits you from afar with a spear of venom!
* * * LOW HITPOINT WARNING * * *
You are more poisoned.
* * * LOW HITPOINT WARNING * * *
You feel very sick. The gnoll hits you but does no damage.
You are more poisoned.
You block the gnoll's attack.
You see here a short sword.
Your shield prevents you from hitting the gnoll.
You die...

......##..#.#.##'#####..........#
......####.......#...#..........#
.....###....#..#.'.<.#..........#
.....##....#...#.#...#.###....###
.##..#.#.....###.#...#...........
.##..#....##...#+#####...........
###..##.....#.#...#..............
#..'............'..............
###..#....##..#.@.#..[...........
..#..#....##..##g#####......#####
.....#..#....###g#...#......#####
.....##.#....###.#...#.#.........
.....#####..##...'...#.#.........
......##.........#...#.#.........
......#####.).##'#####.#.......(.
.###...###.).#....#....#.........
.###....#..#.#....'..............


You could see 2 gnolls.

Vanquished Creatures
  A gnoll (D:1)
  2 dart slugs (D:1)
  2 leopard geckos (D:1)
  A ball python (D:1)
  2 goblins (D:1)
  4 hobgoblins (D:1)
  5 kobolds (D:1)
  5 frilled lizards (D:1)
  5 rats (D:1)
27 creatures vanquished.

Notes
Turn   | Place    | Note
-------+----------+-------------------------------------------
     0 | D:1      | PikkenKukken the Troll Fighter began the quest for the Orb.
     0 | D:1      | Reached XP level 1. HP: 22/22 MP: 0/0
   140 | D:1      | Reached XP level 2. HP: 29/29 MP: 1/1
   502 | D:1      | Reached XP level 3. HP: 35/36 MP: 0/2
   740 | D:1      | Succumbed to a gnoll's poison

Vault maps used:
D:1:      arrival_zaba_pyramid
D:2:      lemuel_doored_altar, uniq_jessica

Action                   || total
-------------------------++-------
Melee: Unarmed           ||   102
  Use: Scroll            ||     4
       Potion            ||     1
  Eat: Chunk             ||    11
Armor: Robe              ||    31
Dodge: Dodged            ||    28
Block: Shield            ||    48

Table legend:
 A = Spawn XP
 B = Non-spawn XP
 C = Spawn XP percentage of total XP
 D = Spawn monster count
 E = Non-spawn monster count
 F = Spawn count percentage of total count
 G = Total turns spent on level
                    A         B        C        D         E        F      G
               +---------+---------+-------+---------+---------+-------+---------
         Total |       0 |      59 |   0.0 |       0 |      27 |   0.0 |   740
               +---------+---------+-------+---------+---------+-------+---------
           D:1 |       0 |      59 |   0.0 |       0 |      27 |   0.0 |   736
               +---------+---------+-------+---------+---------+-------+---------
